 Dungeon Crawl Stone Soup version 0.31-a0-1611-g890cdf5628 (webtiles) character file.

Game seed: 7362882144851267533

11 Illumlnatl the Magician (level 2, 0/24 HPs)
             Began as a Troll Hedge Wizard on Jan 6, 2024.
             Succumbed to an adder's poison
             ... on level 2 of the Dungeon on Jan 9, 2024.
             The game lasted 00:07:14 (586 turns).

Illumlnatl the Magician (Troll Hedge Wizard)         Turns: 586, Time: 00:07:15

Health: 0/24       AC:  4    Str: 17    XL:     2   Next: 17%
Magic:  4/4        EV:  9    Int: 10    God:
Gold:   39         SH:  0    Dex:  9    Spells: 0/5 levels left

rFire   . . .        a - +0 dagger
rCold   . . .        (no shield)
rNeg    . . .        b - +0 robe
rPois   .            c - +0 hat
rElec   .            (no cloak)
rCorr   .            (gloves unavailable)
SInv    .            (boots unavailable)
Will    .....        (no amulet)
Stlth   +            (no ring)
HPRegen 1.04/turn    (no ring)
MPRegen 0.09/turn

%: no passive effects
@: lethally poisoned (0 -> -2)
A: large, unfitting armour, claws 3, regeneration 1, shaggy fur 1, tough skin 1
a: no special abilities


You were on level 2 of the Dungeon.
You visited 1 branch of the dungeon, and saw 2 of its levels.

You collected 39 gold pieces.

Inventory:

Hand Weapons
 a - a +0 dagger (weapon)
Armour
 b - a +0 robe (worn)
 c - a +0 hat (worn)
Jewellery
 e - an amulet of the acrobat
Potions
 d - 2 potions of magic


   Skills:
 + Level 1.7 Dodging
 + Level 1.2 Stealth
 * Level 2.2 Spellcasting
 + Level 0.6 Conjurations
 + Level 0.6 Summonings
 + Level 0.6 Translocations


You couldn't memorise any spells.
You knew the following spells:

 Your Spells              Type           Power      Damage    Failure   Level
a - Magic Dart            Conj           8%         1d3       24%         1
b - Call Imp              Summ           4%         N/A       36%         2
c - Cigotuvi's Dreadful   Necr/Alch/Air  2%         N/A       43%         2

Your spell library contained the following spells:

 Spells                   Type           Power      Damage    Failure   Level
 Slow                     Hex            4%         N/A       30%         1
 Blink                    Tloc           4%         N/A       36%         2
 Mephitic Cloud           Conj/Alch/Air  1%         N/A       63%         3


Dungeon Overview and Level Annotations

Branches:
Dungeon (2/15)

Altars:


Innate Abilities, Weirdness & Mutations

You are too large for most types of armour.
You have claws for hands.
Your natural rate of healing is unusually fast.
You are covered in fur. (AC +1)
You have tough skin. (AC +1)


Message History

You feel sick. The adder bites you.
You barely miss the adder.
The adder is heavily wounded.
You feel sick. The adder bites you but does no damage. The adder bites you.
Casting: Magic Dart (safe; 24% risk of failure)
Confirm with . or Enter, or press ? or * to list all spells.
You don't know that spell.
You feel sick. The adder closely misses you.
You feel sick.
Casting: Magic Dart (safe; 24% risk of failure)
Confirm with . or Enter, or press ? or * to list all spells.
You don't know that spell.
You hit the adder but do no damage.
The adder is heavily wounded.
You feel sick.
You are no longer poisoned.
The adder completely misses you. The adder bites you.
You are poisoned.
The adder poisons you!
You hit the adder but do no damage.
The adder is heavily wounded.
You feel sick. The adder barely misses you.
You closely miss the adder.
The adder is heavily wounded.
You feel sick. The adder bites you.
* * * LOW HITPOINT WARNING * * *
You miss the adder.
The adder is heavily wounded.
You feel sick. The adder bites you but does no damage. The adder bites you.
* * * LOW HITPOINT WARNING * * *
You feel sick.
You feel sick. The adder barely misses you.
You feel sick. The adder barely misses you.
You feel sick.
You are no longer poisoned.
The adder attacks as it pursues you! The adder bites you.
* * * LOW HITPOINT WARNING * * *
You are lethally poisoned!
The adder poisons you!
You die...

### ###+## ...
#....##.##
#......... #.....#
#.....# # ) #....<#
.#.##
#.....#######......
#.....S.@...$#.#.
###+####...........
#####.###.## .# .#
.# .# .#


You could see an adder.

Vanquished Creatures
  2 ball pythons (D:1)
  3 endoplasms (D:1)
  A quokka (D:2)
  2 bats (D:1)
  2 rats (D:1)
10 creatures vanquished.

Notes
Turn   | Place    | Note
-------+----------+-------------------------------------------
     0 | D:1      | Illumlnatl the Troll Hedge Wizard began the quest for the
                  | Orb.
     0 | D:1      | Reached XP level 1. HP: 16/16 MP: 2/2
   212 | D:1      | Reached XP level 2. HP: 6/24 MP: 4/4
   325 | D:1      | Upgraded the game from 0.31-a0-1591-g515db51633 to
                  | 0.31-a0-1611-g890cdf5628
   352 | D:1      | Learned a level 2 spell: Call Imp
   355 | D:1      | Learned a level 2 spell: Cigotuvi's Dreadful Rot
   585 | D:2      | HP: 1/24 [adder (3)]
   586 | D:2      | Succumbed to an adder's poison

Illustrated notes

Levels and vault maps discovered:
D:1:      dpeg_arrival_three_smaller_balls, layout_rooms,
          chequers_ecumenical_altar_simple_redux
D:2:      minmay_angry_zag, layout_basic, basic_altar, minmay_statues_item,
          corexii_corridor_pit, minmay_misc_feat_five, minmay_surrounded

Action                     || total
---------------------------++-------
  Melee: Dagger            ||   101
         Punch             ||     3
   Cast: Magic Dart        ||     1
 Armour: Robe              ||    81
  Dodge: Dodged            ||    53

Table legend: (Time is in decaauts)
 A = Elapsed time spent in this place.
 B = Non-inter-level travel time spent in this place.
 C = Inter-level travel time spent in this place.
 D = Time resting spent in this place.
 E = Time spent auto-exploring this place.
 F = Levels seen in this place.
 G = Mean time per level.
                   A        B        C        D        E       F      G
               +--------+--------+--------+--------+--------+-----+--------+
         Total |    585 |    440 |    145 |      0 |     26 |   2 |  292.5 |
       Dungeon |    585 |    440 |    145 |      0 |     26 |   2 |  292.5 |
               +--------+--------+--------+--------+--------+-----+--------+

Top non-repeatable levels by time:
     D:1: 507 daAuts
     D:2: 78 daAuts
